 Dungeon Crawl Stone Soup version 0.30-b1-2-g02819fbbbe (webtiles) character file.

Game seed: 1254672994771871193

9 Alarkh the Vexing (level 2, 21/21 HPs)
             Began as a Demonspawn Hexslinger on May 23, 2023.
             Got out of the dungeon alive.
             The game lasted 00:00:15 (182 turns).

Alarkh the Vexing (Demonspawn Hexslinger)            Turns: 182, Time: 00:00:16

Health: 21/21      AC:  2    Str: 10    XL:     2   Next: 6%
Magic:  3/3        EV: 12    Int: 14    God:
Gold:   14         SH:  0    Dex: 13    Spells: 2/3 levels left

rFire   . . .        a - +1 sling
rCold   . . .        (no shield)
rNeg    . . .        c - +0 robe
rPois   .            (helmet restricted)
rElec   .            (no cloak)
rCorr   .            (no gloves)
SInv    .            (no boots)
Will    .....        (no amulet)
Stlth   +            (no ring)
HPRegen 0.23/turn    (no ring)
MPRegen 0.08/turn

%: no passive effects
@: no status effects
A: horns 1
a: no special abilities


You escaped.
You visited 1 branch of the dungeon, and saw 1 of its levels.

You collected 14 gold pieces.

Inventory:

Hand Weapons
 a - a +1 sling (weapon)
Armour
 c - a +0 robe (worn)
Scrolls
 b - a scroll of poison
 e - a scroll of identify {unknown}
Potions
 d - a potion of brilliance {unknown}


   Skills:
 - Level 1.0 Fighting
 + Level 2.5 Ranged Weapons
 - Level 1.7 Dodging
 - Level 1.0 Spellcasting
 - Level 3.0 Hexes


You had 2 spell levels left.
You knew the following spells:

 Your Spells              Type           Power      Damage    Failure   Level
a - Slow                  Hex            36%        N/A       8%          1

Your spell library contained the following spells:

 Spells                   Type           Power      Damage    Failure   Level
 Inner Flame              Hex/Fire       4%         N/A       38%         3
 Portal Projectile        Hex/Tloc       8%         N/A       38%         3
 Cause Fear               Hex            4%         N/A       58%         4


Dungeon Overview and Level Annotations

Branches:
Dungeon (1/15)

Altars:


Innate Abilities, Weirdness & Mutations

You have a pair of small horns on your head.


Message History

A goblin comes into view. It is wielding a +0 club.
You shoot a sling bullet. The goblin shouts!
The sling bullet hits the kobold.
You kill the kobold!
You hear a shout!
A hobgoblin comes into view. x2
You shoot a sling bullet. The sling bullet hits the goblin.
The goblin is moderately wounded.
You shoot a sling bullet. The sling bullet hits the goblin.
You kill the goblin!
You shoot a sling bullet.
The sling bullet barely misses the hobgoblin.
You shoot a sling bullet. The sling bullet hits the hobgoblin.
You kill the hobgoblin!
You have reached level 2!
Your demonic ancestry asserts itself...
A pair of horns grows on your head!
You shoot a sling bullet.
The sling bullet closely misses the hobgoblin.
The hobgoblin barely misses you.
You shoot a sling bullet.
The sling bullet barely misses the hobgoblin.
The hobgoblin hits you.
You shoot a sling bullet.
The sling bullet closely misses the hobgoblin.
The hobgoblin hits you. The hobgoblin misses you.
You shoot a sling bullet.
The sling bullet closely misses the hobgoblin.
The hobgoblin closely misses you.
You shoot a sling bullet. The sling bullet hits the hobgoblin.
You kill the hobgoblin!
No target in view!
You see here a hobgoblin corpse.
There is an open door here.
There is a fountain of clear blue water here.
There is an open door here.
There is a staircase leading out of the dungeon here.
Are you sure you want to leave the Dungeon?
This will make you lose the game!
You have escaped!

#.#....# #.########.
##.#....###.##.....#
............##.8.8.#
##.##......##...8..#
#.##....###...8.8.#
#.#####.##........#
##.#...#.#.⌠.⌠.###.#
.........#.....#.'.#
##.#.....'..8..#@#.#
.........#.....#.+.#
##.#.....#.⌠.⌠.###.#
........###........#
.#......# ##...8.8.#
.#......# ##...8..#
.#......# ##.8.8.#
....#+#.# .....
..#.# .#


There were no monsters in sight!

Vanquished Creatures
  An endoplasm (D:1)
  2 hobgoblins (D:1)
  A kobold (D:1)
  2 quokkas (D:1)
  A ball python (D:1)
  A goblin (D:1)
8 creatures vanquished.

Notes
Turn   | Place    | Note
-------+----------+-------------------------------------------
     0 | D:1      | Alarkh the Demonspawn Hexslinger began the quest for the
                  | Orb.
     0 | D:1      | Reached XP level 1. HP: 15/15 MP: 2/2
   149 | D:1      | Gained mutation: You have a pair of small horns on your
                  | head. [demonic ancestry]
   149 | D:1      | Reached XP level 2. HP: 19/21 MP: 3/3
   182 | D:$      | Got out of the dungeon alive.

Illustrated notes

Levels and vault maps discovered:
D:1:      ncdulo_halloftheorcs, layout_basic, grunt_decor_mini_mirrors,
          kennysheep_boxes

Skill      XL: |  1 |
---------------+----+-----
Ranged Weapons | 2 |  2.5
Fighting       | |  1.0
Dodging        | |  1.7
Spellcasting   | |  1.0
Hexes          | |  3.0

Action                     || total
---------------------------++-------
   Fire: Sling             ||    26
 Armour: Robe              ||     2
  Dodge: Dodged            ||    11
